 Dungeon Crawl Stone Soup version 0.24.0-123-gd5b16e6ec5 (webtiles) character file.

Game seed: 13533676326638755695, levelgen mode: deterministic

760 FishyPogo the Skirmisher (level 7, -5/56 HPs)
             Began as a Demonspawn Gladiator on Jan 24, 2020.
             Was a Follower of Okawaru.
             Slain by an unseen horror (6 damage)
             ... on level 6 of the Dungeon.
             The game lasted 00:12:32 (4705 turns).

FishyPogo the Skirmisher (Demonspawn Gladiator)     Turns: 4705, Time: 00:12:33

Health: -5/56      AC:  6    Str: 18 (20) XL:     7   Next: 50%
Magic:  0/16       EV: 13    Int:  9      God:    Okawaru [*.....]
Gold:   197        SH:  0    Dex: 13 (17) Spells: 6/6 levels left

rFire    + . .     SeeInvis .   a - +7 club
rCold    . . .     Gourm    .   (no shield)
rNeg     . . .     Faith    .   n - +2 robe {rF+}
rPois    .         Spirit   +   o - +1 helmet
rElec    .         Reflect  .   (no cloak)
rCorr    .         Harm     .   (no gloves)
MR       +....                  (boots unavailable)
Stlth    +.........             h - amulet of magic regeneration
HPRegen  0.18/turn              i - ring of magical power
MPRegen  0.40/turn              t - +4 ring of strength

@: no status effects
A: hooves 3, agile 1, magic resistance 1, magic shield
a: Heroism, Renounce Religion


You were on level 6 of the Dungeon.
You worshipped Okawaru.
Okawaru was aware of your devotion.
You were not hungry.

You visited 2 branches of the dungeon, and saw 7 of its levels.

You collected 197 gold pieces.

Inventory:

Hand Weapons
 a - a +7 club (weapon)
Missiles
 d - 3 throwing nets
 g - 96 stones (quivered)
 m - 28 poisoned darts
 r - 6 curare-tipped darts
Armour
 n - a +2 robe of fire resistance (worn)
 o - a +1 helmet (worn)
 w - a +2 large shield
 y - a +0 shield
Jewellery
 h - an amulet of magic regeneration (around neck)
 i - a ring of magical power (left hand)
 t - a +4 ring of strength (right hand)
Wands
 k - a wand of clouds (7)
 q - a wand of flame (8)
 u - a wand of enslavement (13)
 x - a wand of disintegration (13)
Scrolls
 c - 4 scrolls of identify
 j - a scroll of blinking {unknown}
Potions
 b - 2 potions of curing
 e - a potion of lignification
 l - a potion of degeneration
 p - a potion of resistance
 v - a potion of flight {unknown}
 z - a potion of invisibility {unknown}
Comestibles
 f - 9 rations
 s - 3 chunks of flesh


   Skills:
 * Level 5.2 Fighting
   Level 3.2 Short Blades
 * Level 3.2 Maces & Flails
 - Level 2.0 Throwing
 + Level 4.2 Armour
 - Level 3.0 Dodging
 * Level 0.4 Shields


You had 6 spell levels left.
You didn't know any spells.
Your spell library was empty.

Dungeon Overview and Level Annotations

Branches:
Dungeon (6/15)             Temple (1/1) D:4

Altars:
Elyvilon
Fedhas
Gozag
Hepliaklqana
Kikubaaqudgha
Makhleb
Okawaru
Qazlal
Ru
Trog
Vehumet
Xom
The Shining One

Shops:
D:4 *


Innate Abilities, Weirdness & Mutations

You have hooves in place of feet.
When hurt, damage is shared between your health and your magic reserves.
You are agile. (Dex +2)
You are resistant to hostile enchantments. (MR+)


Message History

Something hits you! Something hits you. Something hits you!
Something hits you but does no damage.
You hit something but do no damage. Your kick misses something.
Something hits you but does no damage. Something hits you.
You closely miss something. You kick something. Something hits you.
You closely miss something. You kick something. Something hits you.
* * * LOW HITPOINT WARNING * * *
Something hits you.
* * * LOW HITPOINT WARNING * * *
You thump something! Something hits you!
* * * LOW HITPOINT WARNING * * *
Something hits you but does no damage.
You miss something. You kick something. Something hits you!
* * * LOW HITPOINT WARNING * * *
You sock something! Something hits you.
* * * LOW HITPOINT WARNING * * *
Something hits you.
You die...

#.........
#...$..)#
#.......#
#.......#
#.......##
#........
####.#######
#........#
#....{@..#
#........#
#........#######.
####'####........
#.# #........ #.#
#........ #.#
########+
#.#######
#.......#


There were no monsters in sight!

Vanquished Creatures
  Eustachio (D:5)
  An ogre (D:3)
  A water moccasin zombie (D:5)
  A bullfrog zombie (D:5)
  2 hounds
  An iguana (D:4)
  A jelly (D:5)
  2 orc wizards
  Jessica (D:2)
  A hound skeleton (D:5)
  Robin (D:2)
  4 gnolls
  8 adders
  2 oozes (D:5)
  3 worms
  A dart slug (D:1)
  2 leopard geckos
  10 orcs
  2 ball pythons
  2 bats (D:1)
  A giant cockroach (D:2)
  13 goblins
  12 hobgoblins
  15 jackals
  8 kobolds
  4 quokkas
  4 frilled lizards
  A leopard gecko skeleton (D:4)
  A quokka skeleton (D:5)
  2 quokka zombies
  8 rats
116 creatures vanquished.

Notes
Turn   | Place    | Note
-------+----------+-------------------------------------------
     0 | D:1      | FishyPogo the Demonspawn Gladiator began the quest for the
                  | Orb.
     0 | D:1      | Reached XP level 1. HP: 16/16 MP: 1/1
   185 | D:1      | Gained mutation: You have large cloven feet. [demonic
                  | ancestry]
   185 | D:1      | Reached XP level 2. HP: 11/22 MP: 2/2
   650 | D:1      | Reached skill level 1 in Armour
   934 | D:2      | Noticed Jessica
   945 | D:2      | Killed Jessica
   945 | D:2      | Gained mutation: You have hoof-like feet. [demonic
                  | ancestry]
   945 | D:2      | Reached XP level 3. HP: 22/28 MP: 3/3
  1161 | D:2      | Reached skill level 3 in Fighting
  1161 | D:2      | Reached XP level 4. HP: 28/35 MP: 4/4
  1671 | D:3      | Noticed an ogre
  1838 | D:3      | Noticed Robin
  1847 | D:3      | Reached XP level 5. HP: 31/41 MP: 5/5
  1936 | D:2      | Killed Robin
  2093 | D:3      | HP: 1/42 [ogre/+0 giant club (20)]
  2094 | D:3      | Killed an ogre
  2094 | D:3      | Reached skill level 4 in Fighting
  2094 | D:3      | Reached skill level 1 in Maces & Flails
  2699 | D:3      | Gained mutation: You have hooves in place of feet. [demonic
                  | ancestry]
  2699 | D:3      | Reached XP level 6. HP: 46/48 MP: 6/6
  3324 | D:4      | Found a stormy altar of Qazlal.
  3372 | D:4      | Found a staircase to the Ecumenical Temple.
  3381 | Temple   | Entered the Ecumenical Temple
  3534 | Temple   | Became a worshipper of Warmaster Okawaru
  3565 | D:4      | Found a burning altar of Makhleb.
  3658 | D:4      | Found Biqud's Assorted Antiques.
  3818 | D:4      | Noticed an Executioner
  3821 | D:4      | Noticed a ynoxinul
  3821 | D:4      | Noticed a hellwing
  4028 | D:5      | Entered Level 5 of the Dungeon
  4252 | D:5      | Gained mutation: When hurt, damage is shared between your
                  | health and your magic reserves. [demonic ancestry]
  4252 | D:5      | Reached XP level 7. HP: 50/55 MP: 7/7
  4376 | D:5      | Noticed Eustachio
  4395 | D:5      | Gained mutation: You are agile. (Dex +2) [potion of
                  | mutation]
  4395 | D:5      | Gained mutation: You are resistant to hostile enchantments.
                  | (MR+) [potion of mutation]
  4402 | D:5      | Killed Eustachio
  4402 | D:5      | Reached * piety under Okawaru
  4402 | D:5      | Reached skill level 5 in Fighting
  4705 | D:6      | HP: 1/56 [something (2)]
  4705 | D:6      | Slain by an unseen horror

Levels and vault maps discovered:
D:1:      shiori_arrival_elements, layout_basic
D:2:      layout_loops_cross, first_ration, uniq_jessica
D:3:      layout_basic, nrook_loot_triangle, uniq_robin
D:4:      layout_gridville, makhleb_altar_promises_db, kennysheep_mini,
          minmay_temple_entry_crystal_x, serial_shops, shop
D:5:      layout_rooms, uniq_eustachio
D:6:      layout_basic, grunt_temple_overflow_open, ebering_ghost_sewer_d,
          grunt_ministairs_9, trog_book
Temple:   minmay_temple_curvy_loop

Skill      XL: |  1  2  3  4  5  6  7 |
---------------+----------------------+-----
Armour         | 1 2 3 4 |  4.2
Throwing       | 2 |  2.0
Short Blades   | 3 |  3.2
Dodging        | 3 |  3.0
Fighting       | 3 4 5 |  5.2
Maces & Flails | 1 2 3 |  3.2
Shields        | |  0.4

Action                   |  1- 3 |  4- 6 |  7- 9 || total
-------------------------+-------+-------+-------++-------
Melee: Rapier            |    90 |    93 |       ||   183
       Kick              |    11 |    49 |     8 ||    68
       Club              |       |   113 |    49 ||   162
       Unarmed           |       |       |     4 ||     4
Throw: Throwing net      |       |     1 |       ||     1
       Stone             |       |    13 |     1 ||    14
  Use: Scroll            |       |     3 |     2 ||     5
       Potion            |       |     1 |     3 ||     4
 Stab: Sleeping          |     1 |     1 |       ||     2
  Eat: Chunk             |     1 |    10 |     1 ||    12
Armor: Leather armour    |    27 |       |       ||    27
       Robe              |    12 |   110 |    46 ||   168
       Skin              |       |       |    12 ||    12
Dodge: Dodged            |    62 |   212 |    52 ||   326
